 Dungeon Crawl Stone Soup version 0.30.0-21-gd299b56b3f (webtiles) character file.

Game seed: 3495527008069732187

185 qw the Chopper (level 5, -2/32 HPs)
             Began as a Gargoyle Fighter on June 2, 2023.
             Slain by an orc
             ... wielding a +3 dagger
              (5 damage)
             ... on level 4 of the Dungeon.
             The game lasted 00:01:26 (2679 turns).

qw the Chopper (Gargoyle Fighter)                   Turns: 2679, Time: 00:01:26

Health: -2/32      AC: 10    Str: 22    XL:     5   Next: 64%
Magic:  5/5        EV:  9    Int:  8    God:
Gold:   249        SH:  4    Dex:  9    Spells: 4/4 levels left

rFire   . . .        Y - +0 war axe
rCold   . . .        c - +0 buckler
rNeg    + . .        b - +0 scale mail
rPois   inf          (no helmet)
rElec   +            (no cloak)
rCorr   .            (no gloves)
SInv    .            (no boots)
Will    .....        j - amulet of faith Stlth
                     (no ring)
HPRegen 0.25/turn    (no ring)
MPRegen 0.09/turn

%: faith
@: no status effects
A: sickness immunity, AC +4, negative energy resistance 1, electricity
resistance, torment resistance 1, petrification resistance
a: no special abilities


You were on level 4 of the Dungeon.
You visited 1 branch of the dungeon, and saw 4 of its levels.

You collected 249 gold pieces.


Innate Abilities, Weirdness & Mutations

You are immune to sickness and miasma.
Your stone body is resilient. (AC +4)
You are immune to poison.
You resist negative energy. (rN+)
You are resistant to electric shocks. (rElec)
You are resistant to unholy torment.
You are immune to petrification.


   Skills:
 + Level 3.5 Fighting
 - Level 5.0 Axes
 - Level 3.2 Armour
 - Level 3.2 Shields


You had 4 spell levels left.
You didn't know any spells.
Your spell library was empty.

Inventory:

Hand Weapons
 l - a +0 mace
 Y - a +0 war axe (weapon)
Missiles
 g - 5 boomerangs (quivered)
Armour
 a - a +0 chain mail
 b - a +0 scale mail (worn)
 c - a +0 buckler (worn)
Jewellery
 j - an amulet of faith (around neck)
 n - a ring of ice
Scrolls
 f - a scroll of identify
 q - a scroll of brand weapon {unknown}
Potions
 d - 2 potions of might
 e - a potion of mutation
 h - a potion of heal wounds {unknown}
 i - a potion of berserk rage {unknown}
 k - a potion of flight {unknown}
 m - 8 potions of curing
 o - a potion of attraction {unknown}
 p - a potion of resistance {unknown}

Dungeon Overview and Level Annotations

Branches:
Dungeon (4/15)
 Temple: D:4-7

Altars:
Vehumet
Xom

Shops:
D:1 :


Message History

Enter note:
Enter note:
Enter note: A worm comes into view.
An orc priest comes into view. It is wielding a +0 hand axe.
You block the orc's attack.
Enter note:
Enter note:
Enter note:
Enter note:
Enter note:
Enter note: The orc barely misses you.
The orc priest invokes the aid of Beogh against you.
Beogh smites you! You block the orc's attack.
You hear a shout!
Enter note:
Enter note:
Enter note:
Enter note:
Enter note:
Enter note: You hit the orc.
The orc is lightly wounded.
You barely miss the orc. You slash the orc!
You kill the orc!
The orc hits you but does no damage. You block the orc's attack.
The orc hits you but does no damage.
You slash the orc!
You kill the orc!
You hit the orc.
An orc comes into view. It is wielding a +0 whip.
The orc closely misses you. You block the orc's attack.
You barely miss the orc.
The orc is severely wounded.
The orc priest calls down the wrath of Beogh upon you.
Beogh smites you!
Ouch! That really hurt!
The orc closely misses you. The orc hits you with a +3 dagger.
You die...

........... #. .$.. ##....###
... ..# #........ o.. ..#
####...#.... ###.##
#.####.)%.###....
#...o.##................
.......#.####.#...##....
....wo)#.........###...%
..._..o@................
......)#.####)..######..
.......#.# ...## #.# ##.
#.....##.#..#### #.#
#..####.####.#.## ###.#
#................#######....
##..........................#
.)....................###..##
##................#.......###


You could see a worm, an orc priest and 3 orcs.

Vanquished Creatures
  A howler monkey (D:4)
  6 adders
  2 worms
  2 dart slugs (D:3)
  3 orcs (D:4)
  An endoplasm (D:1)
  10 giant cockroaches
  10 goblins
  6 hobgoblins
  4 jackals
  5 quokkas
  8 ball pythons
  4 bats (D:1)
  4 frilled lizards
  7 kobolds
  3 rats
76 creatures vanquished.

Notes
Turn   | Place    | Note
-------+----------+-------------------------------------------
     0 | D:1      | qw the Gargoyle Fighter began the quest for the Orb.
     0 | D:1      | Reached XP level 1. HP: 14/14 MP: 1/1
     0 | D:1      | 0 ||| qw: Version: 0.2-a-102-gdf20003
     0 | D:1      | 0 ||| qw: Game counter: 801
     0 | D:1      | 0 ||| qw: Always use a shield: true
     0 | D:1      | 0 ||| qw: God list: Okawaru
     0 | D:1      | 0 ||| qw: Allow faded altars: false
     0 | D:1      | 0 ||| qw: Do Orc after D:15 true
     0 | D:1      | 0 ||| qw: Do second Lair branch before Depths: true
     0 | D:1      | 0 ||| qw: Lair rune preference: random
     0 | D:1      | 0 ||| qw: Plans: Normal, Zot:1-4, Slime:5, God:TSO, Crypt,
                  | Tomb, Pan, Hells, Abyss, Win
     0 | D:1      | 0 ||| PLANNING D:1-11
    61 | D:1      | Reached skill level 2 in Axes
   204 | D:1      | Reached XP level 2. HP: 19/19 MP: 2/2
   423 | D:1      | Found Feacoeli's Book Emporium.
   577 | D:1      | 577 ||| Stepping ~*~*~tactically~*~*~ (stealth).
   582 | D:1      | Reached skill level 3 in Axes
   637 | D:1      | Reached XP level 3. HP: 23/23 MP: 3/3
   927 | D:1      | 927 ||| DROPPING +0 club.
  1048 | D:1      | 1048 ||| UPGRADING to amulet of faith.
  1053 | D:1      | 1053 ||| READING scroll labelled ZOXZEL YNTUOLAB.
  1054 | D:1      | 1054 ||| READING scroll labelled FIAGGECOYTZ.
  1055 | D:1      | 1055 ||| READING scroll labelled QUIFEMINOD.
  1056 | D:1      | 1056 ||| DRINKING 3 viscous brown potions.
  1451 | D:2      | Reached XP level 4. HP: 28/28 MP: 4/4
  1623 | D:2      | Found a shimmering altar of Xom.
  1730 | D:2      | 1730 ||| READING scroll labelled DEVISA PUPU.
  1767 | D:2      | Reached skill level 4 in Axes
  1777 | D:3      | 1777 ||| Stepping ~*~*~tactically~*~*~ (stealth).
  1903 | D:3      | 1903 ||| Stepping ~*~*~tactically~*~*~ (hiding).
  1907 | D:3      | 1907 ||| Stepping ~*~*~tactically~*~*~ (hiding).
  1958 | D:3      | 1958 ||| Stepping ~*~*~tactically~*~*~ (stealth).
  2027 | D:3      | 2027 ||| Stepping ~*~*~tactically~*~*~ (stealth).
  2128 | D:3      | Reached XP level 5. HP: 32/32 MP: 5/5
  2365 | D:3      | Found a faded altar of an unknown god.
  2426 | D:3      | 2426 ||| READING scroll labelled KIMATI WENUES.
  2427 | D:3      | 2427 ||| READING scroll labelled GOESKE VEANYSS.
  2428 | D:3      | 2428 ||| READING scroll labelled YGAKKU POUNOUB.
  2429 | D:3      | 2429 ||| READING 2 scrolls of identify.
  2429 | D:3      | 2429 ||| IDENTIFYING coppery potion
  2496 | D:4      | 2496 ||| Stepping ~*~*~tactically~*~*~ (hiding).
  2641 | D:4      | Reached skill level 5 in Axes
  2658 | D:4      | 2658 ||| Stepping ~*~*~tactically~*~*~ (stealth).
  2671 | D:4      | Found a radiant altar of Vehumet.
  2672 | D:4      | 2672 ||| Stepping ~*~*~tactically~*~*~ (stealth).
  2679 | D:4      | HP: 3/32 [orc priest/divine providence (17)]
  2679 | D:4      | Slain by an orc

Levels and vault maps discovered:
D:1:      shiori_arrival_elements, layout_loops_corners, serial_shops,
          nicolae_shop_tiny_waterfront, chequers_avenue
D:2:      layout_rooms, basic_altar, nicolae_elevator_lobby_plus
D:3:      layout_rooms, shapermc_ecumenical_altar_hornbeckon
D:4:      layout_rooms, old_standard_altar, serial_shops,
          nicolae_shop_bloodbath_and_beyond

Skill      XL: |  1  2  3  4  5 |
---------------+----------------+-----
Axes           | 2 3 4 5 |  5.0
Fighting       | |  3.5
Armour         | |  3.2
Shields        | |  3.2

Action                     |  1- 3 |  4- 6 || total
---------------------------+-------+-------++-------
  Melee: War axe           |   114 |    97 ||   211
  Throw: Boomerang         |       |    24 ||    24
    Use: Scroll            |     3 |     5 ||     8
         Potion            |     1 |       ||     1
 Armour: Scale mail        |    64 |    49 ||   113
  Dodge: Dodged            |    57 |    42 ||    99
  Block: Buckler           |    17 |    18 ||    35

Table legend:
 A = Non-vault XP
 B = Vault XP
 C = Vault XP percentage of total XP
 D = Non-vault monster count
 E = Vault monster count
 F = Vault count percentage of total count
                 A         B        C        D         E       F
            +---------+---------+-------+---------+---------+-------
      Total |     265 |       0 |   0.0 |      76 |       0 |   0.0
            +---------+---------+-------+---------+---------+-------
        D:1 |      45 |       0 |   0.0 |      27 |       0 |   0.0
        D:2 |      55 |       0 |   0.0 |      18 |       0 |   0.0
        D:3 |      75 |       0 |   0.0 |      20 |       0 |   0.0
        D:4 |      90 |       0 |   0.0 |      11 |       0 |   0.0
            +---------+---------+-------+---------+---------+-------
